 Dungeon Crawl Stone Soup version 0.30-a0-867-g305f33218d (webtiles) character file.

Game seed: 11599394662932044882

2 Grim the Trooper (level 1, -2/19 HPs)
             Began as a Hill Orc Fighter on Mar 10, 2023.
             Slain by a kobold
             ... wielding a +0 dagger of electrocution
              (19 damage)
             ... on level 1 of the Dungeon.
             The game lasted 00:00:22 (158 turns).

Grim the Trooper (Hill Orc Fighter)                  Turns: 158, Time: 00:00:22

Health: -2/19      AC:  6    Str: 18    XL:     1   Next: 40%
Magic:  1/1        EV:  9    Int:  8    God:
Gold:   7          SH:  4    Dex: 10    Spells: 0/0 levels left

rFire   . . .      SeeInvis .    a - +0 war axe
rCold   . . .      Faith    .    c - +0 buckler
rNeg    . . .      Spirit   .    b - +0 scale mail
rPois   .          Reflect  .    (no helmet)
rElec   .          Rampage  .    (no cloak)
rCorr   .                        (no gloves)
Will    .....                    (no boots) Stlth
                                 (no amulet)
HPRegen 0.23/turn                (no ring)
MPRegen 0.07/turn                (no ring)

@: no status effects
A: no striking features
a: no special abilities


You were on level 1 of the Dungeon.
You visited 1 branch of the dungeon, and saw 1 of its levels.

You collected 7 gold pieces.

Inventory:

Hand Weapons
 a - a +0 war axe (weapon)
Armour
 b - a +0 scale mail (worn)
 c - a +0 buckler (worn)
Potions
 d - a potion of might


   Skills:
 - Level 3.6 Fighting
 + Level 3.1 Axes
 - Level 3.2 Armour
 - Level 3.2 Shields


You couldn't memorise any spells.
You didn't know any spells.
Your spell library was empty.

Dungeon Overview and Level Annotations

Branches:
Dungeon (1/15)

Altars:


Message History

The goblin hits you with a +0 dagger. You block the goblin's attack.
You slash the goblin!
You kill the goblin!
You closely miss the rat. The rat bites you but does no damage.
The rat barely misses you.
You hit the rat.
You kill the rat!
Your Axes skill increases to level 3!
You barely miss the frilled lizard. The frilled lizard bites you.
You barely miss the frilled lizard.
The frilled lizard barely misses you. x2
You completely miss the frilled lizard. The frilled lizard bites you.
You barely miss the frilled lizard. The frilled lizard bites you.
The frilled lizard closely misses you.
You closely miss the frilled lizard.
The frilled lizard bites you but does no damage.
You closely miss the frilled lizard. The frilled lizard closely misses you.
You slash the frilled lizard!
You kill the frilled lizard!
No target in view!
You start resting.
HP restored.
You start waiting.
Done waiting.
Things that are here:
a +0 dagger; a rat corpse; a goblin corpse A kobold comes into view.
It is wielding a +0 dagger of electrocution.
Found a scroll labelled QUL QAYJOTRAL.
The kobold shouts!
A ball python comes into view.
Found a scroll labelled GEABEGRAIN.
Found 14 gold pieces.
The ball python hisses angrily.
Found a hand axe.
The kobold barely misses you.
A frilled lizard comes into view.
You closely miss the kobold.
The frilled lizard hisses angrily.
The kobold hits you with a +0 dagger of electrocution.
The kobold hits you but does no damage.
You are electrocuted!!
Ouch! That really hurt!
You die...

... ). .. $# #.#
#.# #.. ?.#
.?#l. .S.
......# #K#
......#. #@#
......#.##.##
......#.....#
......###.#..###
......###.##...#
#......##.#
#.##.#.# ...
#)#....# ..#
#.#.#### .+


You could see a ball python, a kobold and a frilled lizard.

Vanquished Creatures
  A goblin (D:1)
  A frilled lizard (D:1)
  A rat (D:1)
3 creatures vanquished.

Notes
Turn   | Place    | Note
-------+----------+-------------------------------------------
     0 | D:1      | Grim the Hill Orc Fighter began the quest for the Orb.
     0 | D:1      | Reached XP level 1. HP: 19/19 MP: 1/1
   158 | D:1      | Slain by a kobold

Illustrated notes

Levels and vault maps discovered:
D:1:      dpeg_arrival_chambers_temple_mockup, layout_basic, minmay_pentomino_t4

Skill      XL: |  1 |
---------------+----+-----
Axes           | 3 |  3.1
Fighting       | |  3.6
Armour         | |  3.2
Shields        | |  3.2

Action                     || total
---------------------------++-------
  Melee: War axe           ||    14
 Armour: Scale mail        ||     3
  Dodge: Dodged            ||     7
  Block: Buckler           ||     3

Table legend: (Time is in decaauts)
 A = Elapsed time spent in this place.
 B = Non-inter-level travel time spent in this place.
 C = Inter-level travel time spent in this place.
 D = Time resting spent in this place.
 E = Time spent auto-exploring this place.
 F = Levels seen in this place.
 G = Mean time per level.
                   A        B        C        D        E       F      G
               +--------+--------+--------+--------+--------+-----+--------+
         Total |    162 |    162 |      0 |    120 |     17 |   1 |  162.0 |
       Dungeon |    162 |    162 |      0 |    120 |     17 |   1 |  162.0 |
               +--------+--------+--------+--------+--------+-----+--------+

Top non-repeatable levels by time:
     D:1: 162 daAuts
